[Event "Titled Tuesday Blitz June 28 Late 2022"]
[White "Hua, Lefong"]
[Black "Kostiukov, Alexandr"]
[WhiteFideId "2602253"]
[BlackFideId "14108100"]
[WhiteElo "2596"]
[BlackElo "2202"]
[Result "1/2-1/2"]
[Round "06"]
[TimeControl "180+1"]
[Date "2022.06.29"]
[WhiteClock "0:00:17"]
[BlackClock "0:00:08"]

1. d4 g6 2. c4 Bg7 3. e4 d6 4. f4 e5 5. dxe5 dxe5 6. Qxd8+ Kxd8 7. Nc3 Nd7 8. Nf3 c6 9. fxe5 Nxe5 10. Bg5+ Kc7 11. Bf4 f6 12. O-O-O Be6 13. b3 Bh6 14. Bxh6 Nxh6 15. Nxe5 fxe5 16. Be2 Rhf8 17. Rhf1 Rxf1 18. Rxf1 Kd6 19. Kd2 Nf7 20. Bg4 Rd8 21. Ke3 Ke7 22. Bxe6 Kxe6 23. Rd1 Rxd1 24. Nxd1 a5 25. Nc3 Kd6 26. Na4 Nd8 27. c5+ Kc7 28. Kd3 Ne6 29. g3 Kd7 30. a3 Nd4 31. Kc3 Nb5+ 32. Kb2 Nd4 33. Nb6+ Ke6 34. Nc4 Nf3 35. Nxa5 Nxh2 36. Nxb7 Nf1 37. a4 Kd7 38. g4 h5 39. gxh5 gxh5 40. Nd6 h4 41. Nf7 h3 42. Nxe5+ Kc7 43. Ng4 h2 44. Nxh2 Nxh2 45. Kc3 Nf3 46. b4 Kb7 47. Kd3 Ne5+ 48. Kd4 Nf3+ 49. Ke3 Ne5 50. Ke2 Ka6 51. Kd2 Kb7 52. Ke3 Kc7 53. Kd4 Nf3+ 54. Kc3 Ne5 55. b5 Kb7 56. Kd4 Nf3+ 57. Ke3 Ne5 58. Kf4 Nd3+ 59. Kf5 Nxc5 60. e5 cxb5 61. axb5 Kb6 62. e6 Nxe6 63. Kxe6 Kxb5 1/2-1/2


[Site "https://www.chess.com"]

[Event "Titled Tuesday Blitz June 28 Late 2022"]
[White "Ibarra Jerez, Jose Carlos"]
[Black "Siniauski, Artsiom"]
[WhiteFideId "2226332"]
[BlackFideId "13512269"]
[WhiteElo "2628"]
[BlackElo "2187"]
[Result "1-0"]
[Round "06"]
[TimeControl "180+1"]
[Date "2022.06.28"]
[WhiteClock "0:02:12"]
[BlackClock "0:00:40"]

1. d4 Nf6 2. Nf3 b6 3. Bg5 Bb7 4. Nbd2 d6 5. e3 Nbd7 6. a4 a6 7. a5 b5 8. c4 bxc4 9. Bxc4 g6 10. Qb3 d5 11. Qxb7 dxc4 12. Nxc4 Bg7 13. O-O O-O 14. Rfc1 c5 15. dxc5 Nxc5 16. Qb6 Rc8 17. Qxd8 Rfxd8 18. Nb6 Rc7 19. Bf4 e5 20. Bxe5 Rc6 21. Nd4 1-0


[Site "https://www.chess.com"]

[Event "Titled Tuesday Blitz June 28 Late 2022"]
[White "Isajevsky, Anton"]
[Black "Svicevic, Rastko"]
[WhiteFideId "4142500"]
[BlackFideId "916315"]
[WhiteElo "2510"]
[BlackElo "2049"]
[Result "1-0"]
[Round "06"]
[TimeControl "180+1"]
[Date "2022.06.29"]
[WhiteClock "0:00:06"]
[BlackClock "0:00:05"]

1. e4 c6 2. Nc3 d5 3. Nf3 dxe4 4. Nxe4 Nf6 5. Nxf6+ exf6 6. d4 Bd6 7. Be2 O-O 8. O-O Re8 9. Be3 Nd7 10. Re1 Nf8 11. Bf1 Qc7 12. h3 Bf5 13. c3 Rad8 14. Qb3 Be4 15. Nd2 Bg6 16. Nc4 Be7 17. a4 Ne6 18. Rad1 Nf4 19. Bxf4 Qxf4 20. Qxb7 Be4 21. g3 Qf3 22. Rxe4 Qxe4 23. Bg2 Qe2 24. Ne3 Bd6 25. Bf1 Qh5 26. g4 Qg5 27. Nf5 Bb8 28. Bc4 Rf8 29. Qxc6 Qf4 30. Qg2 g6 31. Ne3 Kg7 32. Nd5 Qd6 33. b3 Rfe8 34. h4 a5 35. g5 fxg5 36. hxg5 Re6 37. Nf6 Rxf6 38. gxf6+ Qxf6 39. Re1 h5 40. Qe4 h4 41. Qe7 Qxe7 42. Rxe7 Rf8 43. Kg2 Kf6 44. Re3 g5 45. Kh3 Rg8 46. Kg4 Kg6 47. Rf3 f5+ 48. Rxf5 Bf4 49. Bxg8 h3 50. Rxf4 h2 51. Bd5 gxf4 52. Bh1 1-0


[Site "https://www.chess.com"]

[Event "Titled Tuesday Blitz June 28 Late 2022"]
[White "Janaszak, Dawid"]
[Black "Holt, Conrad"]
[WhiteFideId "1119206"]
[BlackFideId "2034387"]
[WhiteElo "2199"]
[BlackElo "2586"]
[Result "1-0"]
[Round "06"]
[TimeControl "180+1"]
[Date "2022.06.28"]
[WhiteClock "0:01:34"]
[BlackClock "0:00:32"]

1. e4 e6 2. b3 d5 3. Bb2 dxe4 4. Nc3 Nf6 5. Qe2 Nc6 6. O-O-O Be7 7. g4 Nd4 8. Qe1 Nxg4 9. Nxe4 e5 10. f4 O-O 11. fxe5 Nxe5 12. Qe3 Nf5 13. Qc3 Nc6 14. Nf3 Bb4 15. Qc4 Be6 16. Qe2 Re8 17. Rg1 Kh8 18. Bh3 f6 19. Qg2 Rg8 20. Bxf5 Bxf5 21. Nh4 Bxe4 22. Qxe4 Qe8 23. Ng6+ Qxg6 24. Rxg6 Rge8 25. Qh4 1-0


[Site "https://www.chess.com"]

[Event "Titled Tuesday Blitz June 28 Late 2022"]
[White "Jaracz, Pawel"]
[Black "Chen, Max"]
[WhiteFideId "1102222"]
[BlackFideId "2622440"]
[WhiteElo "2658"]
[BlackElo "2436"]
[Result "0-1"]
[Round "06"]
[TimeControl "180+1"]
[Date "2022.06.29"]
[WhiteClock "0:00:06"]
[BlackClock "0:00:11"]

1. e4 c5 2. Nf3 d6 3. d4 cxd4 4. Nxd4 Nf6 5. Nc3 a6 6. Bg5 Nbd7 7. f4 Qc7 8. Qf3 h6 9. Bxf6 Nxf6 10. f5 b6 11. O-O-O Bb7 12. Bd3 h5 13. Rhe1 Rc8 14. Kb1 Ng4 15. Nd5 Bxd5 16. exd5 Ne5 17. Qf1 b5 18. Nf3 Rh6 19. Be4 Rf6 20. Re3 g6 21. Rc3 Qd7 22. fxg6 fxg6 23. Rxc8+ Qxc8 24. Qe2 Nxf3 25. gxf3 g5 26. Rd3 Qc4 27. b3 Qc5 28. Qe1 Bg7 29. a3 g4 30. fxg4 hxg4 31. Ka2 Rf2 32. Re3 Rxc2+ 0-1


[Site "https://www.chess.com"]

[Event "Titled Tuesday Blitz June 28 Late 2022"]
[White "Jeet, Jain"]
[Black "Le Hetet, Nicolas"]
[WhiteFideId "5073022"]
[BlackFideId "634824"]
[WhiteElo "2055"]
[BlackElo "2321"]
[Result "0-1"]
[Round "06"]
[TimeControl "180+1"]
[Date "2022.06.29"]
[WhiteClock "0:01:21"]
[BlackClock "0:00:04"]

1. d4 d5 2. Nf3 Nf6 3. Bf4 c5 4. e3 Nc6 5. c3 Qb6 6. Qb3 c4 7. Qxb6 axb6 8. Nbd2 Bf5 9. a3 e6 10. Rc1 h6 11. Be2 Be7 12. Bd1 O-O 13. Bc2 Bxc2 14. Rxc2 g5 15. Bg3 Nd7 16. h4 g4 17. Nh2 f5 18. f3 h5 19. O-O b5 20. Re1 Kh7 21. Nhf1 Rg8 22. e4 dxe4 23. fxe4 Raf8 24. d5 Nce5 25. dxe6 f4 26. exd7 fxg3 27. Nxg3 Bxh4 28. Ndf1 Rf7 29. Rd1 Nd3 30. Nf5 Bg5 31. Nd6 Rxd7 32. Nxb5 Kg6 33. Nd4 Re8 34. Re2 h4 35. g3 h3 36. Nh2 Kh5 37. Rf1 Rde7 38. Nf5 Rxe4 39. Rc2 R8e5 40. Nd6 Re1 41. Nxc4 R5e2 42. Rxe1 Rxc2 43. Nf1 Rg2+ 44. Kh1 Nf2# 0-1


[Site "https://www.chess.com"]

[Event "Titled Tuesday Blitz June 28 Late 2022"]
[White "Jobava, Baadur"]
[Black "Laurusas, Tomas"]
[WhiteFideId "13601520"]
[BlackFideId "12803731"]
[WhiteElo "2617"]
[BlackElo "2442"]
[Result "0-1"]
[Round "06"]
[TimeControl "180+1"]
[Date "2022.06.28"]
[WhiteClock "0:00:16"]
[BlackClock "0:00:19"]

1. e4 c5 2. c3 d5 3. exd5 Qxd5 4. d4 Nf6 5. Nf3 Bg4 6. dxc5 Qxc5 7. Be3 Qc7 8. h3 Bf5 9. Na3 a6 10. Nc4 Nbd7 11. a4 e5 12. a5 Rd8 13. Qa4 Bc5 14. Be2 O-O 15. O-O h6 16. Rfe1 Nd5 17. Bxc5 Nxc5 18. Qa3 e4 19. Nd4 Bg6 20. Bf1 Nf4 21. Ne3 f5 22. Red1 Kh7 23. Rd2 Rde8 24. Rad1 Nfd3 25. b4 f4 26. bxc5 fxe3 27. fxe3 Qg3 28. Bxd3 Qxe3+ 29. Kh1 exd3 30. Qb2 Be4 31. Kh2 Re5 32. Qc1 Rg5 33. Rb2 Qg3+ 34. Kg1 Bxg2 35. Qxg5 Qxg5 36. Rxg2 Qe3+ 37. Kh2 Rf2 38. h4 Qf4+ 39. Kg1 Rxg2+ 40. Kxg2 Qg4+ 0-1


[Site "https://www.chess.com"]

[Event "Titled Tuesday Blitz June 28 Late 2022"]
[White "Kaganskiy, Gleb"]
[Black "Omariev, Maksim"]
[WhiteFideId "4132025"]
[BlackFideId "4193423"]
[WhiteElo "2165"]
[BlackElo "2450"]
[Result "1-0"]
[Round "06"]
[TimeControl "180+1"]
[Date "2022.06.29"]
[WhiteClock "0:00:09"]
[BlackClock "0:00:08"]

1. a3 d5 2. g3 e5 3. Nf3 e4 4. Nh4 Be7 5. d3 Bxh4 6. gxh4 Qxh4 7. dxe4 dxe4 8. Rg1 Qf6 9. Bg5 Qd6 10. Qxd6 cxd6 11. Bf4 Ne7 12. Bxd6 Nf5 13. Bf4 O-O 14. Nc3 Re8 15. Bg2 e3 16. fxe3 Na6 17. O-O-O g6 18. Nd5 Kg7 19. b4 Be6 20. Be5+ Kh6 21. Nf6 Red8 22. Ng4+ Kh5 23. Bf3 Rxd1+ 24. Rxd1 Rc8 25. Nf6+ Kg5 26. Bxb7 Rc4 27. Bxa6 Rh4 28. Rg1+ Kh6 29. Ng4+ Kh5 30. Nf6+ Kh6 31. Kd2 g5 32. Ng8+ Kg6 33. Bd3 h6 34. Ne7+ Kh5 35. Nxf5 Bxf5 36. Bxf5 Rc4 37. c3 Rc6 38. Bd4 f6 39. e4 a5 40. bxa5 Ra6 41. Bb6 Ra8 42. e5 fxe5 43. Bd3 Re8 44. e4 g4 45. a6 Kh4 46. a7 h5 47. Bc4 Kh3 48. Bd5 Kxh2 49. a8=Q Rxa8 50. Bxa8 g3 51. Bd5 h4 52. Ke2 h3 53. Kf1 g2+ 54. Rxg2+ hxg2+ 55. Ke2 Kh1 56. a4 Kh2 57. a5 g1=Q 58. Bxg1+ Kxg1 59. a6 Kg2 60. a7 Kg3 61. a8=Q Kg2 62. Qf8 Kg3 63. Qf3+ Kh2 64. Qg4 Kh1 65. Kf2 Kh2 66. Qh5# 1-0


[Site "https://www.chess.com"]

[Event "Titled Tuesday Blitz June 28 Late 2022"]
[White "Kamsky, Gata"]
[Black "Bolourchifard, Farzad"]
[WhiteFideId "2000024"]
[BlackFideId "12510084"]
[WhiteElo "2645"]
[BlackElo "2317"]
[Result "1-0"]
[Round "06"]
[TimeControl "180+1"]
[Date "2022.06.28"]
[WhiteClock "0:00:09"]
[BlackClock "0:00:02"]

1. d4 Nf6 2. Nf3 e6 3. c4 b6 4. g3 Bb7 5. Bg2 Be7 6. O-O O-O 7. Nc3 Ne4 8. Bd2 Nxc3 9. Bxc3 Be4 10. d5 Bf6 11. Rc1 c5 12. dxc6 Nxc6 13. Qd6 Qb8 14. Qxb8 Raxb8 15. Bxf6 gxf6 16. Rfd1 Rfd8 17. Nd4 Bxg2 18. Kxg2 Nxd4 19. Rxd4 Kf8 20. Rh4 Kg7 21. Rd1 Rbc8 22. Rhd4 Rc7 23. b3 Kf8 24. Kh3 Ke7 25. Rh4 Rh8 26. Rd2 Rc5 27. Rhd4 Rd8 28. Kh4 Rf5 29. f3 Rc5 30. g4 d6 31. h3 h6 32. f4 a6 33. e3 Rd7 34. Kg3 Rd8 35. Kf3 h5 36. Ke4 hxg4 37. hxg4 f5+ 38. gxf5 Rxf5 39. b4 b5 40. c5 d5+ 41. Kd3 Rh5 42. Kc3 Rh3 43. R4d3 Rg8 44. e4 Rxd3+ 45. Kxd3 Rg3+ 46. Kd4 dxe4 47. Kxe4 Rc3 48. f5 Rc4+ 49. Rd4 exf5+ 50. Kd5 Rc2 51. Kc6 Ke6 52. Kb6 Ke5 53. Rd7 f6 54. c6 f4 55. c7 f3 56. Rd3 Ke4 57. Rd6 f2 58. Rxf6 Ke3 59. Rf8 Ke2 60. Re8+ Kf3 61. c8=Q 1-0


[Site "https://www.chess.com"]

[Event "Titled Tuesday Blitz June 28 Late 2022"]
[White "Keymer, Vincent"]
[Black "Xiong, Jeffery"]
[WhiteFideId "12940690"]
[BlackFideId "2047640"]
[WhiteElo "2548"]
[BlackElo "2714"]
[Result "1-0"]
[Round "06"]
[TimeControl "180+1"]
[Date "2022.06.28"]
[WhiteClock "0:00:46"]
[BlackClock "0:01:20"]

1. d4 Nf6 2. c4 g6 3. g3 c5 4. dxc5 Qa5+ 5. Nc3 Bg7 6. Qa4 Qxc5 7. Bg2 Ng4 8. Nh3 O-O 9. O-O Nc6 10. Nf4 d6 11. Ncd5 Nge5 12. b3 Nxc4 13. bxc4 Bxa1 14. Be3 Bd4 15. Nd3 Bxe3 16. Nxc5 Bxc5 17. Rb1 Rb8 18. Nf6+ exf6 19. Bxc6 Kg7 20. e3 Bf5 21. Rxb7 Rxb7 22. Bxb7 Rb8 23. Qa6 Be6 24. Kg2 Bxc4 25. Qxc4 Rxb7 26. g4 Rb4 27. Qe2 Ra4 28. h3 Rb4 29. Qc2 Rb8 30. Qc3 Rb4 31. g5 Ra4 32. gxf6+ Kh6 33. Qb3 1-0


[Site "https://www.chess.com"]

[Event "Titled Tuesday Blitz June 28 Late 2022"]
[White "Krishnan, Varun"]
[Black "Gokerkan, Cem Kaan"]
[WhiteFideId "5054508"]
[BlackFideId "6336760"]
[WhiteElo "2558"]
[BlackElo "2382"]
[Result "0-1"]
[Round "06"]
[TimeControl "180+1"]
[Date "2022.06.28"]
[WhiteClock "0:00:03"]
[BlackClock "0:00:13"]

1. d4 g6 2. e4 Bg7 3. Nc3 d6 4. Be3 a6 5. Qd2 b5 6. O-O-O Nd7 7. h4 h5 8. Nh3 Bb7 9. f3 Rc8 10. Ng5 c5 11. dxc5 Nxc5 12. Bd4 Nf6 13. Qe3 b4 14. Ne2 Qa5 15. Kb1 e5 16. Bxc5 dxc5 17. f4 c4 18. f5 gxf5 19. exf5 O-O 20. Ng3 e4 21. N3xe4 Nxe4 22. Nxe4 Rfe8 23. f6 Bxe4 24. Qg3 Bxc2+ 25. Ka1 Bg6 26. fxg7 b3 27. a3 c3 28. Bd3 cxb2+ 29. Kxb2 Rc2+ 30. Bxc2 bxc2 31. Rde1 Rc8 0-1


[Site "https://www.chess.com"]

[Event "Titled Tuesday Blitz June 28 Late 2022"]
[White "Kuzmin, Roman"]
[Black "Zhu, Jiner"]
[WhiteFideId "44134932"]
[BlackFideId "8608059"]
[WhiteElo "2433"]
[BlackElo "2654"]
[Result "0-1"]
[Round "06"]
[TimeControl "180+1"]
[Date "2022.06.29"]
[WhiteClock "0:00:01"]
[BlackClock "0:00:08"]

1. e4 e5 2. Nf3 Nf6 3. Nxe5 d6 4. Nf3 Nxe4 5. d4 d5 6. Bd3 Bd6 7. O-O O-O 8. c4 c6 9. Re1 Bf5 10. Qb3 Qd7 11. cxd5 cxd5 12. Nc3 Nxc3 13. Qxc3 Nc6 14. Ne5 Bxe5 15. dxe5 d4 16. Qb3 Bxd3 17. Qxd3 Nb4 18. Qg3 Nc2 19. Bh6 g6 20. Qf4 Qe6 21. Bxf8 Rxf8 22. Rad1 Nxe1 23. Rxe1 Rd8 24. Rd1 Qxa2 25. b4 d3 26. h4 h5 27. Qf3 Qd5 28. Qf6 Rd7 29. Rc1 Rd8 30. e6 d2 31. exf7+ Kf8 32. Qh8+ Kxf7 33. Rc7+ Ke6 34. Qh6 d1=Q+ 35. Kh2 Qe5+ 36. f4 Qxc7 0-1


[Site "https://www.chess.com"]

[Event "Titled Tuesday Blitz June 28 Late 2022"]
[White "Ladan, Nicholas"]
[Black "Ardila, Oscar Humberto"]
[WhiteFideId "30918855"]
[BlackFideId "4404742"]
[WhiteElo "2167"]
[BlackElo "1956"]
[Result "1-0"]
[Round "06"]
[TimeControl "180+1"]
[Date "2022.06.29"]
[WhiteClock "0:01:37"]
[BlackClock "0:01:20"]

1. d4 Nf6 2. c4 e6 3. g3 Bb4+ 4. Bd2 Qe7 5. Bg2 O-O 6. Nf3 Na6 7. O-O c5 8. Qc1 Bxd2 9. Nbxd2 d6 10. e3 Bd7 11. Ne1 Bc6 12. Bxc6 bxc6 13. Nd3 cxd4 14. exd4 Rab8 15. b3 c5 16. dxc5 Nxc5 17. Nxc5 dxc5 18. Rd1 Rfd8 19. Qc3 Qb7 20. Qe3 Qc6 21. Nf3 a5 22. Ne5 Qc7 23. Nd3 Rbc8 24. Qxc5 Ne4 25. Qxc7 Rxc7 26. Ne5 Rxd1+ 27. Rxd1 f6 28. Rd8# 1-0


[Site "https://www.chess.com"]

[Event "Titled Tuesday Blitz June 28 Late 2022"]
[White "Lashkin, Jegor"]
[Black "Djokic, Mihailo"]
[WhiteFideId "13907808"]
[BlackFideId "976440"]
[WhiteElo "2368"]
[BlackElo "2255"]
[Result "1-0"]
[Round "06"]
[TimeControl "180+1"]
[Date "2022.06.28"]
[WhiteClock "0:00:08"]
[BlackClock "0:00:06"]

1. d4 Nf6 2. c4 g6 3. Nc3 Bg7 4. e4 O-O 5. Nf3 d6 6. Be2 e5 7. O-O Nc6 8. Be3 Ng4 9. Bg5 f6 10. Bc1 exd4 11. Nxd4 Nxd4 12. Qxd4 Ne5 13. Be3 Be6 14. b3 f5 15. Qd2 f4 16. Bxf4 Nxc4 17. Bxc4 Bxc4 18. Rfc1 Be6 19. Bh6 Bxh6 20. Qxh6 c6 21. Qd2 Qf6 22. Re1 Rad8 23. Rad1 Qe5 24. Qe3 b6 25. Ne2 c5 26. Nc3 Rf7 27. Rd2 Kg7 28. Red1 Rfd7 29. Nd5 g5 30. h3 Rf8 31. Nc3 h6 32. Nb5 Rfd8 33. Nc3 a6 34. Na4 b5 35. Nb6 Rb7 36. Nd5 Rf7 37. a4 Rdf8 38. a5 g4 39. h4 Kh7 40. b4 c4 41. Nc3 Rg7 42. Qg3 Qxg3 43. fxg3 Bf7 44. Rxd6 Rg6 45. Rxg6 Bxg6 46. Rd7+ Kg8 47. Rd6 Kh7 48. Rxa6 Rd8 49. Ra7+ Kg8 50. Nd5 Bxe4 51. Nf6+ Kf8 52. Nxe4 Rd4 53. Nc5 c3 54. Ne6+ Ke8 55. Nxd4 Kd8 56. Nc2 Kc8 57. Rh7 Kb8 58. Rxh6 1-0


[Site "https://www.chess.com"]

[Event "Titled Tuesday Blitz June 28 Late 2022"]
[White "Leiva, Gianmarco"]
[Black "Bobadilla Viera, Jorge Samuel"]
[WhiteFideId "3804399"]
[BlackFideId "3906353"]
[WhiteElo "2323"]
[BlackElo "2202"]
[Result "1-0"]
[Round "06"]
[TimeControl "180+1"]
[Date "2022.06.28"]
[WhiteClock "0:00:05"]
[BlackClock "0:00:22"]

1. e4 c5 2. Nf3 d6 3. Bb5+ Nd7 4. a4 Nf6 5. Nc3 g6 6. O-O Bg7 7. Re1 O-O 8. a5 e5 9. d3 h6 10. a6 Ne8 11. axb7 Bxb7 12. Nd2 Nc7 13. Nc4 Nf6 14. Na5 Rb8 15. Nxb7 Rxb7 16. Bc4 Ne6 17. Nd5 Nd7 18. Bb3 Kh7 19. c3 Qh4 20. Ba4 Nd8 21. Qf3 Nb6 22. Bb3 Nxd5 23. Bxd5 Rc7 24. Be3 f5 25. Ra6 f4 26. Bd2 Qe7 27. Rea1 h5 28. c4 Bh6 29. Ba5 Rd7 30. b4 cxb4 31. Bxb4 Nf7 32. Qh3 Ng5 33. Qxd7 Qxd7 34. Rxa7 Rd8 35. Bxd6 Bg7 36. Rxd7 Rxd7 37. Bc5 f3 38. Bb6 Bf8 39. c5 Bxc5 40. Bxc5 fxg2 41. Ra7 Rxa7 42. Bxa7 Nf3+ 43. Kxg2 Ne1+ 44. Kf1 Nxd3 45. Bb8 Kg7 46. Bc4 Nc5 47. Bxe5+ Kh6 48. Bf4+ g5 49. Be3 Nxe4 50. h4 Kg7 51. hxg5 Nd6 52. Bd3 Nf7 53. f4 Nd6 54. Bd4+ Kg8 55. f5 h4 56. Kg2 Nf7 57. g6 Ng5 58. f6 h3+ 59. Kh1 h2 60. Bc4+ Kh8 61. g7+ 1-0


[Site "https://www.chess.com"]

[Event "Titled Tuesday Blitz June 28 Late 2022"]
[White "Livaic, Leon"]
[Black "Kim, Sergey"]
[WhiteFideId "14531534"]
[BlackFideId "13700570"]
[WhiteElo "2540"]
[BlackElo "2597"]
[Result "1-0"]
[Round "06"]
[TimeControl "180+1"]
[Date "2022.06.28"]
[WhiteClock "0:00:37"]
[BlackClock "0:00:57"]

1. d4 Nf6 2. c4 g6 3. Nc3 Bg7 4. e4 d6 5. h3 O-O 6. Be3 e5 7. d5 a5 8. g4 Na6 9. Nge2 Nc5 10. Ng3 Bd7 11. Qd2 a4 12. f3 c6 13. h4 cxd5 14. cxd5 Ne8 15. h5 Qe7 16. Bb5 b6 17. Bxd7 Qxd7 18. Kf2 Nc7 19. Kg2 b5 20. Rh3 b4 21. Nce2 Nb5 22. Rah1 Rac8 23. hxg6 hxg6 24. Bh6 f6 25. Bxg7 Qxg7 26. Rh8+ Qxh8 27. Rxh8+ Kxh8 28. Qh6+ Kg8 29. Qxg6+ Kh8 30. Nf5 Rc7 31. Neg3 Nd3 32. Qh6+ Kg8 33. Nh5 Nf4+ 34. Nxf4 exf4 35. Qxf4 Rd7 36. Qe3 a3 37. bxa3 bxa3 38. Qb6 Nc7 39. Nxd6 Ne8 40. Nf5 Ng7 41. Nxg7 Rxg7 42. Qa6 Rc7 43. Qxa3 Rfc8 44. Kg3 Kg7 45. Kf4 Rc3 46. Qe7+ Kg6 47. d6 1-0


[Site "https://www.chess.com"]

[Event "Titled Tuesday Blitz June 28 Late 2022"]
[White "Lopez Gracia, Fernando"]
[Black "Ladopoulos, Dimitrios"]
[WhiteFideId "2207184"]
[BlackFideId "4239580"]
[WhiteElo "2477"]
[BlackElo "2195"]
[Result "0-1"]
[Round "06"]
[TimeControl "180+1"]
[Date "2022.06.28"]
[WhiteClock "0:00:29"]
[BlackClock "0:02:07"]

1. c4 b6 2. e4 Bb7 3. Nc3 e6 4. Bd3 Bb4 5. Nge2 Ne7 6. O-O Bxc3 7. Nxc3 O-O 8. e5 Nbc6 9. Re1 Ng6 10. Bxg6 hxg6 11. d4 d6 12. exd6 Qxd6 13. Be3 Rad8 14. Ne4 Qd7 15. Qa4 Nxd4 16. Qxd7 Rxd7 17. Bxd4 Rxd4 18. Nc3 Rxc4 19. Rad1 Bc6 20. Rd3 Re8 21. Red1 Kf8 22. Rd8 Ke7 23. Rxe8+ Kxe8 24. h3 b5 25. a3 a5 26. Ne2 e5 27. Rd2 f6 28. Nc3 b4 29. Na2 b3 30. Nc3 Rxc3 31. bxc3 Be4 32. Rb2 Bc2 33. Kf1 Kd7 34. Ke2 Kc6 35. Ke3 Kd5 36. a4 Kc4 37. Kd2 g5 38. g3 f5 39. g4 f4 40. f3 c5 41. Rxc2 bxc2 42. Kxc2 g6 43. Kd2 Kb3 44. Kd3 c4+ 45. Kd2 Kb2 0-1


[Site "https://www.chess.com"]

[Event "Titled Tuesday Blitz June 28 Late 2022"]
[White "Maksimovic, Bojan"]
[Black "Manukian, Artak"]
[WhiteFideId "14408120"]
[BlackFideId "13301373"]
[WhiteElo "2756"]
[BlackElo "2468"]
[Result "1-0"]
[Round "06"]
[TimeControl "180+1"]
[Date "2022.06.29"]
[WhiteClock "0:00:10"]
[BlackClock "0:00:03"]

1. Nf3 d5 2. g3 Nf6 3. Bg2 g6 4. O-O Bg7 5. d3 O-O 6. Nbd2 c5 7. e4 Nc6 8. Re1 d4 9. a4 e5 10. Nc4 Qc7 11. h3 Nd7 12. b3 Nb6 13. h4 Nxc4 14. bxc4 Nb4 15. h5 Bg4 16. h6 Bf6 17. Qd2 Bd8 18. Nh2 Bd7 19. a5 Nc6 20. a6 b6 21. f4 f6 22. Rf1 Qd6 23. Qe2 Nb4 24. Bf3 Bc7 25. Bg4 Rae8 26. Bxd7 Qxd7 27. f5 g5 28. Ng4 Kf7 29. Qd1 Ke7 30. Bd2 Nc6 31. Qc1 Kd6 32. Kg2 Qf7 33. Rh1 Kd7 34. c3 dxc3 35. Bxc3 Nd4 36. Qb2 Kc8 37. Ne3 Bb8 38. g4 Qd7 39. Nd5 Qc6 40. Rhb1 Bc7 41. Kf2 Kd7 42. Bxd4 exd4 43. Qb5 Qxb5 44. cxb5 Be5 45. Ke2 Rc8 46. Rc1 c4 47. dxc4 d3+ 48. Kxd3 Bxa1 49. Rxa1 Kd6 50. Kd4 Rf7 51. Nxf6 Rxf6 52. e5+ Ke7 53. exf6+ Kxf6 54. Re1 Rd8+ 55. Kc3 Rd6 56. c5 bxc5 57. Kc4 Rd4+ 58. Kxc5 Rxg4 59. Ra1 Re4 60. b6 axb6+ 61. Kxb6 Kxf5 62. a7 Re8 63. a8=Q Rxa8 64. Rxa8 g4 65. Kc5 Kg5 66. Kd4 Kxh6 67. Ke3 Kg5 68. Kf2 h5 69. Ra5+ Kh4 70. Kg2 g3 71. Ra4+ 1-0


[Site "https://www.chess.com"]

[Event "Titled Tuesday Blitz June 28 Late 2022"]
[White "Mangialardo, Tiago Carvalho"]
[Black "Fernandez Hernandez, Gerardo"]
[WhiteFideId "2130718"]
[BlackFideId "2207400"]
[WhiteElo "2062"]
[BlackElo "2231"]
[Result "0-1"]
[Round "06"]
[TimeControl "180+1"]
[Date "2022.06.29"]
[WhiteClock "0:00:17"]
[BlackClock "0:01:49"]

1. e4 c5 2. Nf3 Nc6 3. d4 cxd4 4. Nxd4 e5 5. Nf3 Nf6 6. Nc3 Bb4 7. Bd3 Bxc3+ 8. bxc3 O-O 9. O-O d5 10. Bg5 Be6 11. exd5 Bxd5 12. Re1 h6 13. Bxf6 Qxf6 14. Be4 Bxe4 15. Rxe4 Rad8 16. Qe2 Rfe8 17. h3 Qd6 18. Re1 f5 19. Ra4 e4 20. Nd4 Nxd4 21. cxd4 Qb6 22. Qc4+ Kh8 23. Qb3 Qxb3 24. axb3 a6 25. c4 Rxd4 26. Kf1 f4 27. Rc1 e3 28. Rc2 e2+ 0-1


[Site "https://www.chess.com"]

[Event "Titled Tuesday Blitz June 28 Late 2022"]
[White "Martinez Alcantara, Jose Eduardo"]
[Black "Katz, Alexander"]
[WhiteFideId "3805662"]
[BlackFideId "2039796"]
[WhiteElo "2703"]
[BlackElo "2371"]
[Result "1-0"]
[Round "06"]
[TimeControl "180+1"]
[Date "2022.06.28"]
[WhiteClock "0:00:30"]
[BlackClock "0:00:09"]

1. e4 e5 2. Nf3 Nc6 3. Bb5 a6 4. Ba4 Nge7 5. O-O Ng6 6. d4 exd4 7. c3 dxc3 8. Nxc3 Be7 9. Nd5 O-O 10. Bb3 d6 11. h3 Be6 12. Be3 h6 13. Rc1 Bf6 14. Qd2 Kh7 15. Ba4 Bxd5 16. exd5 Nce5 17. Nd4 Rc8 18. Bc2 Kh8 19. Bf5 Rb8 20. f4 Nd7 21. Bb1 Re8 22. f5 Ngf8 23. Ne6 fxe6 24. fxe6 Nxe6 25. dxe6 Rxe6 26. Bxh6 Qe7 27. Rxc7 gxh6 28. Qxh6+ Kg8 29. Qg6+ Kh8 30. Qh5+ Kg8 31. Qg4+ Kh8 32. Bf5 Re1 33. Qh5+ Kg8 34. Qg6+ Kh8 35. Qh6+ Kg8 36. Bh7+ Qxh7 37. Qxh7+ Kxh7 38. Rxe1 Rd8 39. Re6 Bd4+ 40. Kh1 Bb6 41. Re7+ 1-0


[Site "https://www.chess.com"]

[Event "Titled Tuesday Blitz June 28 Late 2022"]
[White "Nilsson, Joakim"]
[Black "Samsonkin, Artiom"]
[WhiteFideId "1723383"]
[BlackFideId "13503111"]
[WhiteElo "2210"]
[BlackElo "2513"]
[Result "1-0"]
[Round "06"]
[TimeControl "180+1"]
[Date "2022.06.29"]
[WhiteClock "0:00:14"]
[BlackClock "0:00:04"]

1. d4 d5 2. Bf4 Nf6 3. e3 c5 4. Nc3 Nc6 5. Nb5 g5 6. Bg3 e5 7. dxe5 Ne4 8. Qxd5 Qa5+ 9. c3 Nxg3 10. hxg3 Be6 11. Qe4 O-O-O 12. Nf3 Be7 13. Nd6+ Bxd6 14. exd6 Rxd6 15. Nxg5 Rhd8 16. Nxe6 Rxe6 17. Qg4 f5 18. Qxf5 Nd4 19. Qxh7 Rde8 20. Bc4 R6e7 21. Qh3+ Kb8 22. O-O Nc6 23. Rfd1 Qc7 24. Bb5 Rh7 25. Qg4 Reh8 26. Kf1 Ne5 27. Qf4 a6 28. Ba4 Rf7 29. Qe4 Rhf8 30. f4 Ng4 31. Re1 Re7 32. Qd3 Rd8 33. Qc2 Nxe3+ 34. Rxe3 Rxe3 35. Re1 Rh8 36. Rxe3 Qb6 37. Kf2 c4 38. Qe4 Rd8 39. Qe5+ Ka7 40. Kf3 Qxb2 41. Qe4 Rd2 42. Qxc4 Rf2+ 43. Kg4 Rxg2 44. Qd4+ Qb6 45. Qxb6+ Kxb6 46. Bb3 a5 47. Bc4 Kc5 48. Be6 b5 49. f5 Rc2 50. f6 Kd6 51. f7 Ke7 52. Bd5+ 1-0


[Site "https://www.chess.com"]

[Event "Titled Tuesday Blitz June 28 Late 2022"]
[White "Nozdrachev, Leonid"]
[Black "Martinez, Shawn"]
[WhiteFideId "24113433"]
[BlackFideId "2039770"]
[WhiteElo "2129"]
[BlackElo "2174"]
[Result "0-1"]
[Round "06"]
[TimeControl "180+1"]
[Date "2022.06.29"]
[WhiteClock "0:00:01"]
[BlackClock "0:00:05"]

1. e4 c5 2. c3 Nf6 3. e5 Nd5 4. d4 cxd4 5. Nf3 e6 6. cxd4 Bb4+ 7. Bd2 Bxd2+ 8. Nbxd2 d6 9. Nc4 dxe5 10. dxe5 O-O 11. Be2 Nc6 12. O-O Nf4 13. Re1 b6 14. Bf1 Qd5 15. g3 Qxd1 16. Raxd1 Nd5 17. Bg2 Ba6 18. Nd6 Rfd8 19. Nf5 exf5 20. Ng5 Nde7 21. Rd6 Rac8 22. Red1 h6 23. Nh3 Re8 24. e6 fxe6 25. Nf4 e5 26. Nd5 e4 27. Nf4 Ne5 28. h3 Nd3 29. Ne6 Rc6 30. R6xd3 Bxd3 31. Nd4 Rd6 32. Nb5 Rdd8 33. Nc7 Nd5 34. Nxe8 Rxe8 35. g4 Nf4 36. gxf5 Nxg2 37. Kxg2 Re5 38. f4 Rxf5 39. Kg3 Rc5 40. Kg4 Kf7 41. Kg3 Rc2 42. b4 Kf6 43. a4 g6 44. a5 b5 45. h4 Rc4 46. Kh3 Rxb4 47. Rc1 Kf5 48. Rc7 Kxf4 49. Rf7+ Ke3 50. Rxa7 Rb2 51. Rd7 h5 52. a6 Kf4 0-1


[Site "https://www.chess.com"]